 Dungeon Crawl Stone Soup version 0.31-a0-626-g8143ab4f1d (webtiles) character file.

Game seed: 9617954831309622483

61 thirtiethelement the Ruffian (level 3, -7/26 HPs)
             Began as a Demonspawn Shapeshifter on Aug 24, 2023.
             Was a Believer of Lugonu.
             Mangled by Sigmund
             ... wielding a +2 scythe of protection
              (8 damage)
             ... on level 2 of the Dungeon.
             The game lasted 00:07:51 (1489 turns).

thirtiethelement the Ruffian (DsSh)                 Turns: 1489, Time: 00:07:53

Health: -7/26      AC:  3    Str: 17    XL:     3   Next: 83%
Magic:  0/3        EV: 12    Int:  9    God:    Lugonu [**....]
Gold:   118        SH:  0    Dex: 13    Spells: 2/2 levels left

rFire   . . .        a - +0 spear
rCold   . . .        (no shield)
rNeg    . . .        e - +0 leather armour
rPois   .            (helmet currently unavailable)
rElec   .            (cloak currently unavailable)
rCorr   .            (gloves currently unavailable)
SInv    .            (boots currently unavailable)
Will    .....        f - amulet of guardian spirit
Stlth   +            (no ring)
HPRegen 0.24/turn    (no ring)
MPRegen 0.08/turn

%: guardian spirit
@: beast-form
A: beast (slay +1), powered by pain 1
a: Begin Untransformation, Renounce Religion, Depart the Abyss, Banish


You were on level 2 of the Dungeon.
You worshipped Lugonu.
Lugonu was pleased with you.
You were a hulking beast.
You visited 1 branch of the dungeon, and saw 2 of its levels.

You collected 118 gold pieces.

Inventory:

Hand Weapons
 a - a +0 spear (weapon)
 b - a +0 sling
Armour
 e - a +0 leather armour (worn)
 i - a +0 animal skin
Jewellery
 f - an amulet of guardian spirit (around neck)
Talismans
 c - a beast talisman (active)
 d - a flux talisman
Scrolls
 g - a scroll of enchant weapon {unknown}
 h - a scroll of butterflies {unknown}
 j - 2 scrolls of revelation {unknown}
 k - a scroll of fear {unknown}
 n - a scroll of identify {unknown}
 r - a scroll of teleportation {unknown}
 s - a scroll of immolation {unknown}
 t - a scroll of fog {unknown}
Potions
 l - 3 potions of brilliance {unknown}
 m - a potion of lignification
 o - a potion of curing {unknown}
 p - a potion of attraction {unknown}
 q - a potion of heal wounds {unknown}


   Skills:
 + Level 1.1 Fighting
 + Level 1.0 Polearms
 + Level 0.5 Ranged Weapons
 + Level 0.4 Armour
 + Level 1.9 Dodging
 + Level 0.2 Stealth
 + Level 3.2 Unarmed Combat
 + Level 3.2 Shapeshifting


You had 2 spell levels left.
You didn't know any spells.
Your spell library was empty.

Dungeon Overview and Level Annotations

Branches:
Dungeon (2/15)

Altars:
Lugonu

Annotations:
D:2 Sigmund


Innate Abilities, Weirdness & Mutations

You are a hulking beast.
Your limbs bulge with bestial killing power. (Slay +1)
You sometimes gain a little power by taking damage.


Message History

You miss something.
Reach: a) +0 spear
Press: ? - help, Dir - move target You barely miss something.
You hear some strange, mumbled words.
A magic dart appears from out of thin air!
The magic dart hits you.
Reach: a) +0 spear
Press: ? - help, Dir - move target You miss something.
Your transformation is almost over.
Something hits you but does no damage.
Reach: a) +0 spear
Press: ? - help, Dir - move target You hit something.
You punch something. Something hits you.
Reach: a) +0 spear
Press: ? - help, Dir - move target You hit something but do no damage.
Something hits you!
* * * LOW HITPOINT WARNING * * *
Reach: a) +0 spear
Press: ? - help, Dir - move target You hit something.
Reach: a) +0 spear
Press: ? - help, Dir - move target You hit something.
Your punch misses something. Something hits you.
* * * LOW HITPOINT WARNING * * *
Reach: a) +0 spear
Press: ? - help, Dir - move target You closely miss something.
You punch something. Something hits you but does no damage.
Reach: a) +0 spear
Press: ? - help, Dir - move target You miss something.
Reach: a) +0 spear
Press: ? - help, Dir - move target You closely miss something.
You feel less wooden.
Your +0 leather armour unmelds from your body.
You turn into a hulking beast.
Something hits you!
You die...

######..##.#######.
#........##).......
#.>...⌠...........#
#
#.......†##........
.
######..##...####.#
#.#.##....# . ..###
#.#'#)....#
......#..........
.....){h..........
......#...........
..... ###########
.... ..# .


There were no monsters in sight!

Vanquished Creatures
  An adder (D:2)
  3 dart slugs (D:1)
  5 ball pythons
  3 endoplasms
  3 giant cockroaches
  4 goblins
  6 hobgoblins
  3 jackals (D:1)
  5 kobolds
  A quokka (D:1)
  4 bats
  A frilled lizard (D:1)
  2 rats
41 creatures vanquished.

Notes
Turn   | Place    | Note
-------+----------+-------------------------------------------
     0 | D:1      | thirtiethelement the Demonspawn Shapeshifter began the
                  | quest for the Orb.
     0 | D:1      | Reached XP level 1. HP: 15/15 MP: 1/1
   263 | D:1      | Found a faded altar of an unknown god.
   275 | D:1      | Prayed at the altar of an unknown god.
   275 | D:1      | Became a worshipper of Lugonu the Unformed
   275 | D:1      | Reached * piety under Lugonu
   287 | D:1      | Gained mutation: You sometimes gain a little power by
                  | taking damage. [demonic ancestry]
   287 | D:1      | Reached XP level 2. HP: 12/21 MP: 2/2
   588 | D:1      | Reached XP level 3. HP: 26/26 MP: 3/3
  1310 | D:2      | Reached ** piety under Lugonu
  1455 | D:2      | Reached skill level 1 in Polearms
  1458 | D:2      | Noticed Sigmund
  1486 | D:2      | HP: 1/39 [something (5)]
  1489 | D:2      | Mangled by Sigmund

Illustrated notes

Levels and vault maps discovered:
D:1:      eino_arrival_druids_welcome, layout_basic,
          hellmonk_ecumenical_altar_zigzags
D:2:      layout_basic, grunt_ministairs_14, uniq_sigmund,
          uniq_crazy_yiuf_cottage

Skill      XL: |  1  2  3 |
---------------+----------+-----
Unarmed Combat | 3 |  3.2
Shapeshifting  | 3 |  3.2
Polearms       | 1 |  1.0
Fighting       | |  1.1
Ranged Weapons | |  0.5
Armour         | |  0.4
Dodging        | |  1.9
Stealth        | |  0.2

Action                     || total
---------------------------++-------
  Melee: Unarmed           ||    44
         Spear             ||    67
         Punch             ||     5
   Fire: Sling             ||    37
    Use: Potion            ||     1
   Stab: Sleeping          ||     1
 Armour: Animal skin       ||     4
         Leather armour    ||    20
         Skin              ||     9
  Dodge: Dodged            ||    48

Table legend: (Time is in decaauts)
 A = Elapsed time spent in this place.
 B = Non-inter-level travel time spent in this place.
 C = Inter-level travel time spent in this place.
 D = Time resting spent in this place.
 E = Time spent auto-exploring this place.
 F = Levels seen in this place.
 G = Mean time per level.
                   A        B        C        D        E       F      G
               +--------+--------+--------+--------+--------+-----+--------+
         Total |   1499 |   1478 |     21 |      0 |   1148 |   2 |  749.5 |
       Dungeon |   1499 |   1478 |     21 |      0 |   1148 |   2 |  749.5 |
               +--------+--------+--------+--------+--------+-----+--------+

Top non-repeatable levels by time:
     D:1: 1022 daAuts
     D:2: 477 daAuts
